 Dungeon Crawl Stone Soup version 0.20.1-1-g8b1a95d (webtiles) character file.

56 gobwax the Slasher (level 3, -13/31 HPs)
             Began as a Minotaur Fighter on Sept 8, 2017.
             Was an Initiate of Ashenzari.
             Killed by nerve-wracking pain
             ... invoked by an orc priest
              (14 damage)
             ... on level 3 of the Dungeon.
             The game lasted 00:02:41 (1504 turns).

gobwax the Slasher (Minotaur Fighter)               Turns: 1504, Time: 00:02:42

Health: -13/31     AC:  6    Str: 21    XL:     3   Next: 71%
Magic:  2/2        EV: 12    Int:  5    God:    Ashenzari [......]
Gold:   142        SH:  9    Dex: 14    Spells: 2/2 levels left

rFire    + + .     SeeInvis .   a - +0 long sword
rCold    + . .     Gourm    .   c - +0 shield
rNeg     . . .     Faith    .   b - +0 scale mail
rPois    +         Spirit   .   (helmet restricted)
rElec    +         Reflect  .   (no cloak)
rCorr    +         Harm     .   (no gloves)
MR       .....     Rnd*Rage +   (no boots)
Stlth    +.........             (no amulet)
Regen    0.1/turn               (no ring)
MPRegen  0.1/turn               (no ring)

@: agile, resistant, hasted, very quick
A: retaliatory headbutt, horns 2, berserk 1, deterioration 1, fire resistance 1
a: Curse Item, Renounce Religion


You were on level 3 of the Dungeon.
You worshipped Ashenzari.
Ashenzari was noncommittal.
You were not hungry.

You visited 1 branch of the dungeon, and saw 3 of its levels.

You collected 142 gold pieces.

Inventory:

Hand Weapons
 a - a +0 long sword (weapon)
Armour
 b - a +0 scale mail (worn)
 c - a +0 shield (worn)
Jewellery
 o - a +2 ring of intelligence
 s - an uncursed amulet of magic regeneration
Scrolls
 i - a scroll of enchant armour {unknown}
 j - 3 scrolls of identify {unknown}
 k - a scroll of magic mapping {unknown}
 l - a scroll of enchant weapon {unknown}
 n - a scroll of amnesia {unknown}
 p - a scroll of immolation {unknown}
 r - a scroll of recharging {unknown}
 t - a scroll of remove curse
Potions
 d - a potion of might
 g - a potion of agility
Comestibles
 f - a bread ration
 m - a meat ration


   Skills:
 - Level 3.6 Fighting
 * Level 5.0 Long Blades
 - Level 3.6 Armour
 - Level 3.6 Shields


You had 2 spell levels left.
You didn't know any spells.

Dungeon Overview and Level Annotations

Branches:
Dungeon (3/15)

Altars:
Ashenzari
Fedhas


Innate Abilities, Weirdness & Mutations

You reflexively headbutt those who attack you in melee.
You have a pair of horns on your head.
You tend to lose your temper in combat.
Your body sometimes deteriorates upon taking damage.
Your flesh is heat resistant. (rF+)


Message History

It was a potion of agility.
You feel agile all of a sudden. The orc hits you but does no damage.
The orc priest calls down the wrath of Beogh upon you.
Beogh smites you!
* * * LOW HITPOINT WARNING * * *
It was a potion of mutation.
You feel extremely strange.
You feel yourself wasting away.
You feel a little pissed off.
You feel resistant to heat. The orc hits you but does no damage.
You block the orc priest's attack.
It was a potion of resistance.
You feel protected. The orc closely misses you. You furiously retaliate!
You headbutt the orc, but do no damage.
The orc priest hits you but does no damage.
It was a potion of haste.
You feel yourself speed up. You block the orc's attack.
The orc priest calls down the wrath of Beogh upon you.
Pain shoots through your body!
You die...

..## ####.####....
...#####......#....
.....[............
...#####...†.)...#
...# #......##.#
...# #.........##
..## #........%.##
.##
#######.....###..
## #..@.$....#
#..oo.###.. #.....#
#....... #...^...♣
#####..♣.♣ .♣._.♣
..♣.♣.


You could see an orc priest and an orc.

Vanquished Creatures
  An ooze (D:3)
  A dart slug (D:1)
  2 leopard geckos
  An orc (D:3)
  2 giant cockroaches (D:2)
  9 goblins
  6 hobgoblins
  6 bats
  4 frilled lizards
  5 kobolds (D:1)
  7 rats
44 creatures vanquished.

Notes
Turn   | Place    | Note
-------+----------+-------------------------------------------
     0 | D:1      | gobwax the Minotaur Fighter began the quest for the Orb.
     0 | D:1      | Reached XP level 1. HP: 19/19 MP: 0/0
   154 | D:1      | Reached skill level 3 in Long Blades
   176 | D:1      | Reached XP level 2. HP: 20/26 MP: 1/1
   450 | D:1      | Reached skill level 4 in Long Blades
   684 | D:2      | Reached XP level 3. HP: 29/31 MP: 2/2
   750 | D:2      | Found a shattered altar of Ashenzari.
   769 | D:2      | Became a worshipper of Ashenzari the Shackled
   841 | D:2      | Found a blossoming altar of Fedhas.
  1496 | D:3      | Found a faded altar of an unknown god.
  1498 | D:3      | Reached skill level 5 in Long Blades
  1501 | D:3      | HP: 1/31 [orc priest/divine providence (9)]
  1502 | D:3      | Gained mutation: Your body sometimes deteriorates upon taking damage. [potion of mutation]
  1502 | D:3      | Gained mutation: You tend to lose your temper in combat. [potion of mutation]
  1502 | D:3      | Gained mutation: Your flesh is heat resistant. (rF+) [potion of mutation]
  1504 | D:3      | Killed from afar by an orc priest

Skill      XL: |  1  2  3 |
---------------+----------+-----
Long Blades    | 3 4 5 |  5.0
Fighting       | |  3.6
Armour         | |  3.6
Shields        | |  3.6

Action                   || total
-------------------------++-------
Melee: Long sword        ||   100
       Headbutt          ||    10
  Use: Potion            ||     4
  Eat: Chunk             ||     2
Armor: Scale mail        ||    34
Dodge: Dodged            ||    25
Block: Shield            ||    49
       Rpst.: Long sword ||     1
